 Dungeon Crawl Stone Soup version 0.30-a0-626-gd6a5dd7a1f (webtiles) character file.

Game seed: 9250078295959809803

884 BaabKaare the Chopper (level 8, -3/60 HPs)
             Began as a Human Fighter on Jan 11, 2023.
             Slain by a sky beast (5 damage)
             ... on level 5 of the Dungeon.
             The game lasted 00:11:50 (4699 turns).

BaabKaare the Chopper (Human Fighter)               Turns: 4699, Time: 00:11:50

Health: -3/60      AC: 11    Str: 19    XL:     8   Next: 26%
Magic:  8/8        EV:  9    Int:  8    God:
Gold:   235        SH:  5    Dex: 13    Spells: 7/7 levels left

rFire   . . .      SeeInvis .    a - +0 war axe
rCold   . . .      Faith    .    c - +0 buckler
rNeg    . . .      Spirit   .    b - +0 scale mail
rPois   .          Reflect  .    (no helmet)
rElec   .          Harm     .    (no cloak)
rCorr   .          Rampage  .    (no gloves)
Will    .....                    (no boots) Stlth
                                 (no amulet)
HPRegen 0.30/turn                f - +4 ring of protection
MPRegen 0.11/turn                (no ring)

@: flying
A: no striking features
a: no special abilities


You were on level 5 of the Dungeon.
You visited 2 branches of the dungeon, and saw 7 of its levels.

You collected 325 gold pieces.
You spent 90 gold pieces at shops.

Inventory:

Hand Weapons
 a - a +0 war axe (weapon)
 m - a +0 dagger
Missiles
 k - 4 throwing nets (quivered)
Armour
 b - a +0 scale mail (worn)
 c - a +0 buckler (worn)
 g - an orb of wrath
Jewellery
 d - a ring of positive energy
 f - a +4 ring of protection (left hand)
 l - the ring "Udghue" {rPois Str-5 Dex+4 SInv}
   (You found it on level 2 of the Dungeon)

   [ring of see invisible]

   Str:       It affects your strength (-5).
   Dex:       It affects your dexterity (+4).
   rPois:     It protects you from poison.
   SInv:      It lets you see invisible.
 u - a ring of protection from fire
Scrolls
 e - 3 scrolls of fear {unknown}
 h - 2 scrolls of torment {unknown}
 i - a scroll of poison {unknown}
 j - 3 scrolls of summoning {unknown}
 n - 2 scrolls of vulnerability {unknown}
 p - a scroll of fog {unknown}
 q - a scroll of amnesia {unknown}
 r - a scroll of enchant armour {unknown}
 t - a scroll of enchant weapon
 v - 2 scrolls of identify {unknown}
 w - 2 scrolls of blinking {unknown}
Potions
 o - a potion of flight
 s - a potion of magic
 x - a potion of cancellation {unknown}
 z - a potion of mutation {unknown}


   Skills:
 + Level 4.3 Fighting
 + Level 6.7 Axes
 + Level 4.7 Armour
 + Level 1.6 Dodging
 + Level 0.2 Stealth
 + Level 4.1 Shields


You had 7 spell levels left.
You didn't know any spells.
Your spell library contained the following spells:

 Spells                   Type           Power      Damage    Failure   Level
 Sting                    Tmut/Pois      0%         1d3       85%         1
 Poisonous Vapours        Pois/Air       0%         N/A       94%         2
 Olgreb's Toxic Radiance  Pois           0%         N/A       100%        4


Dungeon Overview and Level Annotations

Branches:
Dungeon (6/15)             Temple (1/1) D:5

Altars:
Ashenzari
Cheibriados
Elyvilon
Fedhas
Gozag
Hepliaklqana
Kikubaaqudgha
Makhleb
Okawaru
Ru
Sif Muna
Vehumet
Xom
Yredelemnul
Zin

Shops:
D:3 ?[   D:4 *


Message History

The black bear is heavily wounded.
You feel sick.
You are no longer poisoned.
You block the black bear's attack. The black bear barely misses you.
You block the black bear's attack.
You closely miss the black bear.
The black bear is heavily wounded.
The black bear bites you but does no damage.
The black bear claws you.
* * * LOW HITPOINT WARNING * * *
The black bear claws you.
* * * LOW HITPOINT WARNING * * *
You hit the black bear.
The black bear is severely wounded.
You block the black bear's attack.
The black bear claws you but does no damage.
The black bear claws you.
* * * LOW HITPOINT WARNING * * *
You slash the black bear!
The black bear is almost dead.
The black bear goes berserk!
A sky beast appears from thin air!
Reactivating autopickup.
The black bear bites you but does no damage.
The black bear barely misses you.
The black bear claws you but does no damage.
You slash the black bear!
You kill the black bear!
You closely miss the sky beast. The sky beast hits you.
* * * LOW HITPOINT WARNING * * *
The sky beast shocks you.
* * * LOW HITPOINT WARNING * * *
It was a potion of flight.
You feel very buoyant.
You fly up into the air.
The sky beast hits you but does no damage.
It was a potion of magic.
Magic courses through your body. The sky beast hits you.
* * * LOW HITPOINT WARNING * * *
The sky beast shocks you.
You die...

..##........#
..##.###'####
..##.# #.#
.....###.#
........>###
.###.###...###
.#.......#...#####
.#.#.###.##......#
..#...#..@#
##...#####Y# #..#
#S..w# ...#
#ws##.# ....##..
#.. #.. #.. ... #(
#_ ...# . ...#
##..#


You could see a sky beast and a dart slug.

Vanquished Creatures
  A water moccasin (D:4)
  A black bear (D:5)
  2 phantoms
  3 scorpions (D:5)
  2 orc priests
  4 orc wizards (D:4)
  Robin (D:3)
  4 gnolls
  5 adders
  2 ufetubi (D:5)
  A worm (D:2)
  5 dart slugs
  5 orcs (D:4)
  5 ball pythons
  3 bats (D:3)
  2 endoplasms
  2 giant cockroaches (D:2)
  12 hobgoblins
  6 jackals
  4 quokkas
  2 frilled lizards
  25 goblins
  3 kobolds
  7 rats
107 creatures vanquished.

Vanquished Creatures (others)
  3 fungi (D:2)
  4 toadstools (D:2)
7 creatures vanquished.

Grand Total: 114 creatures vanquished

Notes
Turn   | Place    | Note
-------+----------+-------------------------------------------
     0 | D:1      | BaabKaare the Human Fighter began the quest for the Orb.
     0 | D:1      | Reached XP level 1. HP: 18/18 MP: 1/1
   149 | D:1      | Reached XP level 2. HP: 24/24 MP: 2/2
   466 | D:1      | Reached XP level 3. HP: 29/29 MP: 3/3
  1156 | D:2      | Found a glowing silver altar of Zin.
  1225 | D:2      | Reached XP level 4. HP: 35/35 MP: 4/4
  1266 | D:2      | Reached skill level 3 in Axes
  1594 | D:3      | Found Pauto's Armour Emporium.
  1647 | D:2      | Identified the ring "Udghue" {rPois Str-5 Dex+4 SInv}
  1918 | D:3      | Found Wyugguez's Magic Scroll Emporium.
  1922 | D:3      | Bought a scroll of enchant weapon for 90 gold pieces
  2010 | D:3      | Noticed Robin
  2020 | D:3      | Reached XP level 5. HP: 35/41 MP: 5/5
  2036 | D:3      | Killed Robin
  2401 | D:4      | Found Omoyle Iwnu's General Store.
  2679 | D:4      | Reached skill level 4 in Axes
  3075 | D:5      | Entered Level 5 of the Dungeon
  3129 | D:4      | Noticed a phantom
  3136 | D:4      | Killed a phantom
  3137 | D:4      | Reached skill level 1 in Dodging
  3137 | D:4      | Reached XP level 6. HP: 46/48 MP: 6/6
  3306 | D:4      | Noticed a water moccasin
  3323 | D:4      | Killed a water moccasin
  3324 | D:4      | Reached skill level 5 in Axes
  3324 | D:4      | Reached XP level 7. HP: 4/53 MP: 7/7
  3324 | D:4      | HP: 1/53 [orc/+0 club (2)]
  4497 | D:5      | Found a staircase to the Ecumenical Temple.
  4523 | Temple   | Entered the Ecumenical Temple
  4523 | Temple   | Found a transporter.
  4523 | Temple   | Found a transporter.
  4525 | Temple   | Found a transporter.
  4525 | Temple   | Found a transporter.
  4667 | D:5      | Found a sacrificial altar of Ru.
  4680 | D:5      | Reached skill level 6 in Axes
  4684 | D:5      | Reached XP level 8. HP: 31/60 MP: 8/8
  4699 | D:5      | HP: 2/60 [sky beast (4)]
  4699 | D:5      | Slain by a sky beast

Illustrated notes

Levels and vault maps discovered:
D:1:      eino_arrival_water_star, layout_loops_corners, serial_forest,
          infiniplex_forest_zigzag_1, infiniplex_forest_end_1,
          infiniplex_forest_straight_5, infiniplex_forest_end_1
D:2:      layout_rooms, basic_altar, grunt_ministairs_7,
          minmay_gold_behind_fungi
D:3:      layout_loops_corners, serial_shops, nicolae_shop_advertising_works
          [nicolae_subvault_shop_adworks], nicolae_shop_trees, minmay_cupped,
          uniq_robin
D:4:      layout_layer_cave, serial_shops, shop, nrook_mini_vaults,
          nicolae_nh_ransacked_shop
D:5:      layout_basic, temple_green, serial_shops, nicolae_square_shop,
          amcnicky_mini_rare_corridor_liquid, kennysheep_decorative_pillar,
          minmay_misc_feat_rows, minmay_ruined_shrine
D:6:      layout_loops_cross, nicolae_dithmenos_the_darkroom,
          nicolae_wu_jian_glorious_leap, uniq_duvessa
Temple:   hellmonk_temple_divided_pantheon

Skill      XL: |  1  2  3  4  5  6  7 |
---------------+----------------------+-----
Axes           | 3 4 5 6 |  6.7
Dodging        | 1 |  1.6
Fighting       | 4 |  4.3
Shields        | 4 |  4.1
Armour         | 4 |  4.7
Stealth        | |  0.2

Action                   |  1- 3 |  4- 6 |  7- 9 || total
-------------------------+-------+-------+-------++-------
Melee: War axe           |    77 |   138 |    87 ||   302
  Use: Potion            |       |     2 |     2 ||     4
Armor: Scale mail        |    40 |   104 |    75 ||   219
       Skin              |       |    15 |       ||    15
Dodge: Dodged            |    35 |    66 |    32 ||   133
Block: Buckler           |    13 |    43 |    19 ||    75

Table legend: (Time is in decaauts)
 A = Elapsed time spent in this place.
 B = Non-inter-level travel time spent in this place.
 C = Inter-level travel time spent in this place.
 D = Time resting spent in this place.
 E = Time spent auto-exploring this place.
 F = Levels seen in this place.
 G = Mean time per level.
                   A        B        C        D        E       F      G
               +--------+--------+--------+--------+--------+-----+--------+
         Total |   4808 |   4543 |    265 |    856 |   2365 |   7 |  686.9 |
       Dungeon |   4714 |   4449 |    265 |    856 |   2365 |   6 |  785.7 |
        Temple |     94 |     94 |      0 |      0 |      0 |   1 |   94.0 |
               +--------+--------+--------+--------+--------+-----+--------+

Top non-repeatable levels by time:
     D:4: 1464 daAuts
     D:3: 1157 daAuts
     D:1: 1139 daAuts
     D:2: 735 daAuts
     D:5: 215 daAuts
  Temple: 94 daAuts
     D:6: 1 daAuts
